Map: Acropolis LE

Players

Mesrob

  • Race: Terran Terran
  • Spawn Location: 11:00

VOD

Have the link to the VOD?

Description

Time

  • Played on: May 27, 2019, 6:18 p.m.
  • Length: 5:12
Show
View Real Time Build Order
Export as new Build Order

Mesrob Terran 

Build Orders:  

Get SALT Encoding   

  12  0:03  SCV  
  13  0:33  Supply Depot, SCV  
  6  0:50  SCV  
  15  1:10  Barracks  
  15  1:12  SCV  
  16  1:29  SCV  
  17  1:36  Barracks  
  17  1:46  SCV  
  18  2:03  SCV  
  19  2:28  Command Center  
  19  2:30  Marine  
  20  2:41  SCV  
  20  2:45  Refinery  
  21  2:58  SCV  
  22  4:11  Marine  
  22  4:14  Barracks Tech Lab  
  23  4:36  Marine  
Tags
 
Matchup
Co-op
Replay Pack
sc2 replays
Add a new tag
Caveats
  • Supply blocks, unpowered buildings, or Contaminate may cause inaccurate times.
  • Supply counts are checked every 10 seconds.